Map: Eternal Empire LE

Players

Has - Winner!

  • Race: Protoss Protoss
  • League: Master
  • Spawn Location: 1:00

Trap

  • Race: Protoss Protoss
  • Spawn Location: 7:00

Event: DreamHack SC2 Masters 2020 Summer Season Finals

VOD

Have the link to the VOD?

Description

Time

  • Played on: July 17, 2020, 11:25 a.m.
  • Length: 13:35

All games in this series

Show
View Real Time Build Order
Export as new Build Order

Has Protoss - Winner!

Build Orders: Nexus First, Blink Stalkers 

Get SALT Encoding   

  12  0:01  Probe  
  13  0:13  Probe  
  14  0:20  Pylon  
  14  0:24  Probe  
  15  0:34  Probe  
  15  0:42  Probe  
  17  0:59  Nexus  
  17  1:08  Gateway  
  18  1:11  Probe  
  18  1:16  Assimilator  
  18  1:23  Probe  
  19  1:29  Assimilator  
  19  1:35  Gateway  
  19  1:38  Probe  
  20  1:50  Probe  
  21  1:55  Cybernetics Core  
  21  2:02  Probe  
  21  2:03  Pylon  
  22  2:14  Probe  
  23  2:16  Probe  
  24  2:24  Stalker x2  
  24  2:26  Probe, Warp Gate  
  24  2:28  Probe  
  30  2:38  Probe  
  30  2:40  Probe  
  32  2:50  Probe  
  33  2:52  Probe  
  33  3:00  Sentry, Shield Battery  
  33  3:03  Probe  
  33  3:04  Stalker  
  38  3:05  Probe  
  39  3:15  Probe  
  39  3:17  Probe  
  41  3:22  Shield Battery  
  41  3:27  Twilight Council, Probe  
  41  3:29  Pylon  
  42  3:35  Gateway  
  42  3:37  Probe  
  43  3:45  Blink  
  43  3:46  Stalker  
  45  3:49  Probe, Pylon  
  46  3:56  Probe  
  46  4:02  Probe  
  48  4:03  Pylon  
  48  4:08  Probe  
  45  4:14  Stalker, Probe  
  48  4:19  Forge  
  48  4:21  Probe  
  49  4:26  Protoss Ground Weapons Level 1, Stalker  
  49  4:27  Probe  
  52  4:31  Assimilator  
  52  4:37  Probe  
  52  4:39  Stalker  
  52  4:41  Probe  
  55  4:49  Probe  
  56  4:55  Photon Cannon, Probe  
  57  5:02  Assimilator  
  57  5:05  Gateway  
  57  5:06  Probe  
  58  5:07  Probe  
  59  5:15  Robotics Facility  
  59  5:17  Stalker  
  61  5:30  Nexus  
  61  5:32  Pylon  
  63  5:41  Stalker  
  63  5:45  Charge  
  63  5:46  Stalker, Pylon  
  63  5:47  Stalker  
  63  5:49  Probe  
  68  5:53  Probe  
  68  5:56  Observer  
  70  6:10  Stalker x3  
  76  6:11  Stalker  
  76  6:14  Probe x2  
  76  6:17  Warp Prism  
  80  6:20  Pylon  
  80  6:32  Probe  
  83  6:38  Stalker x2  
  87  6:41  Stalker  
  87  6:43  Stalker  
  87  6:45  Probe  
  92  6:47  Probe  
  92  6:53  Templar Archives  
  93  7:00  Probe  
  95  7:04  Probe  
  95  7:08  Protoss Ground Weapons Level 2  
  95  7:09  Stalker x2  
  95  7:10  Stalker x2  
  103  7:17  Probe x2  
  103  7:23  Probe  
  103  7:29  Probe  
  101  7:30  Probe  
  101  7:33  Zealot x4  
  109  7:42  Probe  
  104  7:46  Probe  
  103  7:52  Pylon  
  103  7:53  Pylon  
  103  7:54  Gateway  
  103  7:57  Gateway x2  
  103  8:00  Gateway  
  103  8:01  Probe x2  
  105  8:12  Warp Prism  
  103  8:19  Stalker x4  
  109  8:27  Probe x2  
  109  8:28  Shield Battery  
  109  8:33  Pylon  
  111  8:36  Pylon  
  111  8:38  Probe  
  112  8:50  Zealot x4  
  112  8:51  Zealot  
  112  8:54  Pylon  
  122  8:58  Zealot x2  
  126  9:11  Zealot x5  
  126  9:16  Dark Shrine  
  103  9:34  Probe  
  82  9:39  Stalker  
  82  9:40  Stalker x7  
  94  9:48  Observer  
  92  9:58  Shield Battery  
  91  10:07  Protoss Ground Weapons Level 3, Pylon  
  91  10:08  Stalker x8  
  106  10:23  Probe  
  107  10:30  Warp Prism, Robotics Bay  
  107  10:32  Dark Templar x2  
  107  10:35  Dark Templar x2  
  117  10:41  Assimilator  
  117  10:43  Assimilator  
  116  11:02  Nexus, Pylon  
  111  11:14  Disruptor  
  109  11:25  Stalker x6  
  111  11:26  Stalker  
  111  11:28  Probe x2  
  111  11:31  Gateway  
  126  11:42  Disruptor  
  121  11:50  Zealot x8  
  134  11:55  Probe x2  
  128  12:14  High Templar x2  
  132  12:16  Zealot x6  
  132  12:20  Archon  
  144  12:23  Pylon  
  144  12:26  Probe x2  
  146  12:34  Probe  
  147  12:40  Zealot x5  
  147  12:41  Zealot x2  
  161  12:45  Pylon  
  161  12:47  Pylon  
  159  12:56  Probe x2  
  159  12:57  Probe  
  160  13:14  Probe x2  
  149  13:27  Zealot x9  
  149  13:31  Zealot x8  
  149  13:32  Zealot  
Show
View Real Time Build Order
Export as new Build Order

Trap Protoss 

Build Orders: Oracle Opening 

Get SALT Encoding   

  12  0:00  Probe  
  13  0:12  Probe  
  14  0:17  Pylon  
  14  0:24  Probe  
  15  0:32  Probe  
  15  0:36  Gateway  
  15  0:40  Probe  
  17  0:50  Assimilator  
  17  0:51  Probe  
  17  0:54  Assimilator  
  18  0:59  Probe  
  19  1:07  Gateway, Probe  
  19  1:17  Probe  
  20  1:23  Cybernetics Core  
  21  1:29  Probe  
  22  1:36  Pylon  
  22  1:41  Probe  
  23  1:54  Probe  
  24  2:00  Stalker x2  
  28  2:02  Warp Gate  
  28  2:26  Stargate  
  28  2:33  Pylon  
  28  2:47  Nexus  
  28  2:50  Probe  
  28  2:58  Probe  
  28  2:59  Oracle  
  29  3:06  Probe  
  33  3:17  Probe  
  32  3:22  Robotics Facility  
  32  3:30  Probe  
  33  3:34  Shield Battery  
  33  3:42  Probe  
  34  3:50  Adept x2  
  34  3:54  Probe  
  34  3:55  Probe  
  40  4:03  Probe  
  40  4:04  Warp Prism  
  40  4:06  Probe  
  42  4:13  Probe  
  45  4:18  Sentry, Probe  
  45  4:19  Sentry  
  45  4:24  Pylon  
  50  4:26  Probe  
  50  4:30  Probe  
  52  4:40  Immortal  
  52  4:42  Probe x2  
  56  4:49  Adept  
  56  4:50  Adept  
  58  4:54  Twilight Council  
  58  5:00  Forge  
  58  5:01  Probe x2  
  60  5:09  Assimilator  
  60  5:11  Sentry, Assimilator  
  62  5:15  Gateway  
  62  5:18  Blink, Pylon  
  62  5:21  Pylon  
  62  5:36  Protoss Ground Weapons Level 1  
  62  5:40  Probe x2  
  64  5:51  Immortal  
  68  5:57  Pylon  
  68  6:00  Gateway x2  
  68  6:17  Robotics Bay  
  68  6:20  Nexus  
  68  6:25  Immortal  
  68  6:27  Probe x2  
  74  6:38  Stalker x2  
  74  6:39  Stalker  
  80  6:45  Pylon  
  80  6:49  Probe, Pylon  
  80  6:50  Probe  
  82  7:03  Observer  
  82  7:08  Stalker x5  
  93  7:16  Disruptor  
  94  7:33  Stalker x3  
  93  7:39  Pylon  
  93  7:40  Pylon  
  93  7:41  Pylon  
  93  7:42  Disruptor  
  88  7:57  Robotics Facility  
  91  8:11  Stalker x3  
  94  8:21  Disruptor  
  97  8:29  Gateway, Probe x2  
  97  8:30  Nexus, Pylon  
  97  8:31  Gateway  
  99  8:36  Stalker x2  
  99  8:37  Disruptor  
  103  8:41  Gateway, Probe  
  103  8:42  Probe  
  108  8:51  Observer  
  108  8:52  Shield Battery  
  108  8:53  Shield Battery  
  108  8:57  Probe x2  
  111  9:11  Stalker x2  
  111  9:13  Probe x2  
  115  9:28  Probe x2  
  114  9:32  Disruptor  
  114  9:34  Stalker x3  
  114  9:36  Disruptor  
  113  9:40  Protoss Ground Weapons Level 2  
  119  9:57  Assimilator x2  
  119  10:07  Nexus  
  119  10:13  Observer  
  119  10:23  Disruptor, Observer  
  119  10:27  Charge  
  122  10:29  Warp Prism  
  122  10:32  Gravitic Drive  
  124  10:38  Observer  
  124  10:39  Probe x3  
  124  10:40  Gateway  
  124  10:42  Gateway  
  127  10:44  Gateway  
  127  10:50  Stalker x4  
  127  10:57  Photon Cannon  
  135  11:00  Pylon  
  138  11:05  Observer  
  138  11:10  Observer  
  138  11:11  Zealot x2  
  129  11:23  Probe x3  
  129  11:25  Zealot x3  
  136  11:30  Stalker  
  130  11:40  Pylon  
  130  11:41  Pylon  
  125  11:48  Pylon  
  117  11:57  Disruptor x2  
  111  12:05  Nexus  
  111  12:09  Photon Cannon  
  109  12:24  Disruptor  
  109  12:27  Disruptor, Probe x2  
  114  12:39  Probe  
  118  12:49  Probe  
  117  12:51  Probe  
  117  12:56  Stalker x2  
  122  12:59  Stalker  
  122  13:01  Probe  
  116  13:24  Zealot x2  
  114  13:32  Stalker x2  
Tags
 
Add a new tag
Caveats
  • Supply blocks, unpowered buildings, or Contaminate may cause inaccurate times.
  • Supply counts are checked every 10 seconds.